 Dungeon Crawl Stone Soup version 0.16-a0-3758-g7fc8210 (console) character file.

292 MarvinPA the Insei (level 6, 0/34 HPs)
             Began as a Vine Stalker Monk on Jan 23, 2015.
             Slain by an iguana (9 damage)
             ... on level 6 of the Dungeon.
             The game lasted 00:10:37 (3304 turns).

MarvinPA the Insei (Vine Stalker Monk)              Turns: 3304, Time: 00:10:38

Health: 0/34       AC:  5    Str: 13    XL:     6   Next: 33%
Magic:  0/8        EV: 12    Int: 10    God:
Gold:   241        SH:  0    Dex: 19    Spells: 0 memorised, 5 levels left

rFire  . . .     SeeInvis .       - Unarmed
rCold  . . .     Clarity  .     u - -2 ring mail (curse)
rNeg   . . .     SustAb   .     (no shield)
rPois  .         Gourm    .     (no helmet)
rElec  .         Spirit   +     (no cloak)
rCorr  .         Warding  .     h - +0 pair of gloves
rMut   .         Stasis   .     v - +0 pair of boots
MR     .....                    (no amulet)
Stlth  ++........               (no ring)
                                (no ring)

@: not resistant to hostile enchantments, unstealthy
A: fangs 2, regeneration 2, magic shield, antimagic bite, no device heal 3, rot
immunity
a: no special abilities


You were on level 6 of the Dungeon.
You were hungry.

You visited 1 branch of the dungeon, and saw 6 of its levels.

You collected 241 gold pieces.


Innate Abilities, Weirdness & Mutations

You have extremely sharp teeth.
You heal very quickly.
When hurt, damage is shared between your health and your magic reserves.
Your bite disrupts and absorbs the magic of your enemies.
Potions and wands cannot restore your health.
You are immune to rotting.


   Skills:
 + Level 4.4 Fighting
 + Level 3.2 Dodging
 - Level 3.0 Stealth
 + Level 5.4 Unarmed Combat


You had 5 spell levels left.
You didn't know any spells.

Inventory:

Missiles
 g - 8 javelins of penetration (quivered)
Armour
 a - a +0 robe
 h - a +0 pair of gloves (worn)
 u - a cursed -2 ring mail (worn)
 v - a +0 pair of boots (worn)
Scrolls
 m - 2 scrolls of teleportation {@r4}
Potions
 c - a potion of invisibility {unknown}
 d - a potion of haste {unknown}
 p - a potion of poison {unknown}
 q - a potion of flight {unknown}
 r - 2 potions of curing {@q1}
Comestibles
 b - 7 bread rations
 i - 2 meat rations
 n - 4 fruits

Dungeon Overview and Level Annotations

Branches:
Dungeon (6/15)
 Temple: D:4-7

Altars:
Dithmenos
Gozag
Makhleb
Nemelex Xobeh
Okawaru
Ru
Trog

Annotations:
D:4 vatarom's ghost, average DrCj

... #.....
.....#..
#....#... .
#......._.
..##
#.........
....##.......
........Z..#.#
#..lf....#
##...###.#
#...## ##..<#
#...# #.....
#..#...
#..###.. #..
##.


You could see an iguana and a centaur zombie.


Message History

You climb downwards.
A centaur zombie comes into view.
There is a stone staircase leading up here.
An iguana comes into view.
The iguana hisses angrily.
The iguana moves out of view.
The iguana hisses menacingly.
Found a sacrificial altar of Ru.
The centaur zombie barely misses you.
You hit the centaur zombie. The centaur zombie hits you.
You hit the centaur zombie.
The centaur zombie hits you but does no damage.
You punch the centaur zombie! You bite the centaur zombie. You drain its power.
You feel invigorated. The centaur zombie hits you!
* * * LOW HITPOINT WARNING * * *
You hit the centaur zombie but do no damage.
The centaur zombie barely misses you.
You hit the iguana.
The iguana is heavily wounded.
The centaur zombie hits you but does no damage.
The iguana bites you!
* * * LOW HITPOINT WARNING * * *
You hit the iguana but do no damage.
The iguana is heavily wounded.
The centaur zombie closely misses you. The iguana barely misses you.
The centaur zombie hits you.
* * * LOW HITPOINT WARNING * * *
You hit the centaur zombie. The centaur zombie closely misses you.
The iguana bites you!
You die...

Action                   |  1- 3 |  4- 6 || total
-------------------------+-------+-------++-------
Melee: Unarmed           |    93 |   165 ||   258
Throw: Javelin           |     6 |     5 ||    11
  Use: Potion            |       |     3 ||     3
       Scroll            |       |     7 ||     7
 Stab: Sleeping          |     2 |     4 ||     6
  Eat: Chunk             |     2 |     5 ||     7

Vault maps used:
D:1:      dpeg_arrival_long_road
D:2:      lemuel_coloured_pillars_altar, first_bread
D:3:      gammafunk_temple_overflow_elements, nemelex_deck,
          nicolae_gozag_seed_capital, nicolae_dithmenos_through_a_glass_darkly
D:4:      forest_paths
D:5:      erik_ogre, uniq_blork_the_orc, uniq_natasha
D:6:      ashenzari_conservatory_becter, overflow_temple_1_default,
          minmay_temple_entry_junction, uniq_menkaure

Notes
Turn   | Place    | Note
--------------------------------------------------------------
     0 | D:1      | MarvinPA, the Vine Stalker Monk, began the quest for the Orb.
     0 | D:1      | Reached XP level 1. HP: 11/11 MP: 1/1
   435 | D:1      | Reached XP level 2. HP: 16/16 MP: 3/3
  1050 | D:2      | Reached skill level 3 in Stealth
  1168 | D:2      | Reached skill level 3 in Fighting
  1168 | D:2      | Reached XP level 3. HP: 18/20 MP: 4/4
  1342 | D:2      | Found a burning altar of Makhleb.
  1406 | D:3      | Found an opulent altar of Gozag.
  1540 | D:3      | Reached XP level 4. HP: 19/24 MP: 5/5
  1574 | D:3      | Found a shadowy altar of Dithmenos.
  1687 | D:3      | Found a bloodstained altar of Trog.
  1687 | D:3      | Found an iron altar of Okawaru.
  1797 | D:3      | Found a sparkling altar of Nemelex Xobeh.
  2256 | D:4      | Reached skill level 4 in Fighting
  2256 | D:4      | Reached skill level 5 in Unarmed Combat
  2256 | D:4      | Reached XP level 5. HP: 23/29 MP: 7/7
  2353 | D:4      | Noticed vatarom's ghost (average DrCj)
  2694 | D:4      | Noticed an ogre
  2796 | D:4      | Killed an ogre
  2796 | D:4      | Reached skill level 3 in Dodging
  2796 | D:4      | Gained mutation: You heal very quickly. [vine stalker growth]
  2796 | D:4      | Reached XP level 6. HP: 27/34 MP: 8/8
  3198 | D:5      | Entered Level 5 of the Dungeon
  3296 | D:6      | Found a sacrificial altar of Ru.
  3304 | D:6      | Slain by an iguana

Vanquished Creatures
  An ogre (D:4)
  2 worker ants (D:4)
  3 adders
  A shadow imp (D:4)
  A giant mite (D:4)
  4 worms
  An adder zombie (D:4)
  A giant gecko (D:3)
  16 orcs
  4 bats
  A bat skeleton (D:4)
  4 giant cockroaches
  10 hobgoblins
  9 kobolds
  A ball python (D:4)
  4 giant newts
  8 goblins
  2 jackals (D:4)
  An orc zombie (D:4)
  7 rats
81 creatures vanquished.
